 Dungeon Sprint DCSS version 0.18-b1-16-g289874d (webtiles) character file.

409449 otab the Heavyweight Champion (level 20, -17/364 HPs)
             Began as a Troll Monk on May 1, 2016.
             Was a High Priest of Nemelex Xobeh.
             Demolished by an azure jelly (44 damage)
             ... in the Dungeon (Sprint IX: "|||||||||||||||||||||||||||||").
             The game lasted 00:23:43 (9406 turns).

otab the Heavyweight Champion (Troll Monk)          Turns: 9406, Time: 00:23:44

Health: -17/364    AC: -12   Str: 42    XL:     20   Next: 82%
Magic:  37/38      EV: 14    Int: 12    God:    Nemelex Xobeh [*****.]
Gold:   1636       SH:  0    Dex: 10    Spells: 1 memorised, 52 levels left

rFire  + + .     SeeInvis .       - Unarmed
rCold  . . .     Gourm    +     (armour currently unavailable)
rNeg   . . .     Faith    +     (shield currently unavailable)
rPois  +         Spirit   .     (helmet currently unavailable)
rElec  .         Dismiss  .     (cloak currently unavailable)
rCorr  .         Reflect  .     (gloves unavailable)
SustAt .         Harm     .     (boots unavailable)
MR     +....     NoTele   +     g - amulet "Veereoc" {Faith Str+4}
Stlth  +.........               L - +6 ring of intelligence
                                P - ring of protection from cold

@: dragon-form, corroded, flying, somewhat resistant to hostile enchantments,
very unstealthy
A: unfitting armour, (claws 0), (horns 0), clumsy 1, (deformed body), fast
metabolism 3, gourmand, low mp 1, regeneration 2, (shaggy fur 0), (tough skin
0), weak 1
a: End Transformation, Triple Draw, Deal Four, Stack Five, Renounce Religion,
Breathe Fire
}: 6/15 runes: decaying, serpentine, barnacled, elven, silver, gossamer


You were in the Dungeon.
You worshipped Nemelex Xobeh.
Nemelex Xobeh was extremely pleased with you.
You were hungry.
You were a fearsome dragon!
You visited 1 branch You collected 1946 gold pieces.
You spent 272 gold pieces at shops.

Inventory:

Armour
 p - a +6 large shield (melded)
 v - the +1 hat "Zaocum" (melded) {rPois rN+ Int+3 Slay+2}
   (You found it in the Dungeon)

   It affects your intelligence (+3).
   It affects your accuracy and damage with ranged weapons and melee attacks
   (+2).
   It protects you from poison.
   It protects you from negative energy.
 y - a +2 hat of magic resistance
 A - a +2 cloak of magic resistance (melded)
 E - a +8 fire dragon armour (melded)
Jewellery
 g - the amulet "Veereoc" (around neck) {Faith Str+4}
   (You found it in the Dungeon)

   [amulet of faith]

   It allows you to gain divine favour quickly.
   It affects your strength (+4).
 k - the ring of the Castellan {Str+3 Int+4}
   (You found it in the Dungeon)

   [ring of strength]

   It affects your strength (+3).
   It affects your intelligence (+4).
 B - an uncursed ring of protection from magic
 D - an uncursed amulet of faith
 L - a +6 ring of intelligence (right foreclaw)
 P - a ring of protection from cold (left foreclaw)
 R - the ring of the Locust {Wiz Dex+2 SInv}
   (You found it in the Dungeon)

   [ring of wizardry]

   It improves your spell success rate.
   It affects your dexterity (+2).
   It lets you see invisible.
Wands
 n - a wand of lightning (7/15)
 S - a wand of hasting (5/9)
Scrolls
 h - 7 scrolls of blinking
 l - 5 scrolls of remove curse
 m - 2 scrolls of amnesia
 t - 3 scrolls of recharging
 u - 2 scrolls of fear
 C - 6 scrolls of enchant weapon
 F - 2 scrolls of identify
Potions
 c - 8 potions of curing
 d - 8 potions of heal wounds
 e - a potion of haste
 f - 4 potions of magic
 q - 4 potions of brilliance
 s - a potion of flight
 z - a potion of agility
 M - a potion of berserk rage
 O - a potion of ambrosia
Books
 Q - Ryesymiv's Reference Book on Freezing Moulding
   (You found it in the Dungeon)

   Spells                             Type                      Level
   a - Throw Frost                    Conjuration/Ice              2
   b - Ensorcelled Hibernation        Hexes/Ice                    2
   c - Simulacrum                     Ice/Necromancy               6
   d - Hydra Form                     Transmutation                6
Miscellaneous
 a - a legendary deck of destruction {drawn: 7}
 i - a plain deck of escape {drawn: 1}
 j - a plain deck of escape
 o - a plain deck of war
 x - a plain deck of war {drawn: 2}
 H - an ornate deck of war {drawn: 1}
 J - an ornate deck of war
 N - an ornate deck of destruction
Comestibles
 b - 12 bread rations
 r - 40 fruits


   Skills:
 + Level 23.7 Fighting
 * Level 20.2 Armour
 + Level 24.1 Dodging
 - Level 2.1 Stealth
 - Level 16.1 Shields
 O Level 27 Unarmed Combat
 + Level 20.0 Spellcasting
 + Level 26.2 Transmutations
 + Level 16.6 Evocations


You had 52 spell levels left.
You knew the following spells:

 Your Spells              Type           Power        Failure   Level  Hunger
a - Dragon Form           Trmt           ######....   1%          7    #######


Dungeon Overview and Level Annotations

Branches:
Dungeon (1/1)

Altars:
Cheibriados
Dithmenos
Elyvilon
Fedhas
Gozag
Kikubaaqudgha
Makhleb
Nemelex Xobeh
Okawaru
Pakellas
Qazlal
Ru
Sif Muna
Trog
Vehumet
Xom
Yredelemnul
Zin
The Shining One
Beogh
Jiyva
Lugonu

Shops:
D *(?(


Innate Abilities, Weirdness & Mutations

You are too large for most types of armour.
((You have claws for hands.))
Your metabolism is lightning-fast.
You like to eat raw meat.
You heal very quickly.
((You are covered in fur (AC +1).))
((You have very tough skin (AC +2).))
((You have a pair of small horns on your head.))
You are clumsy. (Dex -2)
((Armour fits poorly on your strangely shaped body.))
Your magical capacity is low (-10% MP).
You are weak. (Str -2)


Message History

* * * LOW HITPOINT WARNING * * *
The acid blob spits acid at you. The splash of acid hits you!
* * * LOW HITPOINT WARNING * * *
The acid burns!
* * * LOW HITPOINT WARNING * * *
You claw the acid blob!
Your foreclaws burn!
* * * LOW HITPOINT WARNING * * *
You claw the acid blob!!!
The acid blob is severely wounded.
You are feeling hungry.
You maul the acid blob!!!!
You kill the acid blob!
You completely miss the azure jelly. You tail-slap the azure jelly.
The azure jelly is lightly wounded.
The azure jelly hits you!
* * * LOW HITPOINT WARNING * * *
The azure jelly freezes you!!!
You die...
Your body disappears without a glow.

.†).))....'))))[))..')))[..[..'..
▓▓▓▓▓▓▓▓▓▓▓▓▓▓▓▓▓▓▓▓▓▓▓▓▓▓▓▓▓▓▓▓▓
.................................
▓▓▓▓▓▓▓▓▓▓▓▓▓▓▓▓▓▓▓▓▓▓▓▓▓▓▓▓▓▓▓▓▓
'.††..)..........'......0.......'
▓▓▓▓▓▓▓▓▓▓▓▓▓▓▓▓▓▓▓▓▓▓▓▓▓▓▓▓▓▓▓▓▓
.................................
▓▓▓▓▓▓▓▓▓▓▓▓▓▓▓▓▓▓▓▓▓▓▓▓▓▓▓▓▓▓▓▓▓
)).)))...'......DJGφJ...
▓▓▓▓▓▓▓▓▓▓▓▓▓▓▓▓▓▓▓▓▓▓▓▓


You could see 2 azure jellies and a giant eyeball.

Vanquished Creatures
  the Royal Jelly (D)
  4 orbs of fire (D)
  7 ancient liches (D)
  Frederick (D)
  A Killer Klown (D)
  Norris (D)
  5 golden dragons (D)
  Nikola (D)
  A bone dragon (D)
  4 electric golems (D)
  5 deep elf blademasters (D)
  2 tentacled monstrosities (D)
  26 Orb Guardians (D)
  7 acid blobs (D)
  A death cob (D)
  Gastronok (D)
  A sphinx (D)
  Kirke (D)
  9 shadow dragons (D)
  4 storm dragons (D)
  5 azure jellies (D)
  2 draconian monks (D)
  6 greater nagas (D)
  Ilsuiw (D)
  A fire giant (D)
  5 ghost moths (D)
  2 draconian scorchers (D)
  2 emperor scorpions (D)
  An iron dragon (D)
  A deep elf sorcerer (D)
  3 vault wardens (D)
  Louise (D)
  A large abomination (D)
  3 frost giants (D)
  2 draconian zealots (D)
  A draconian shifter (D)
  An ironheart preserver (D)
  2 stone giants (D)
  3 draconian callers (D)
  4 very ugly things (D)
  A green draconian (D)
  A salamander stormcaller (D)
  A deep elf demonologist (D)
  10 vampire knights (D)
  3 black draconians (D)
  4 yellow draconians (D)
  A deep elf annihilator (D)
  A dire elephant (D)
  5 purple draconians (D)
  A spark wasp (D)
  A red draconian (D)
  A mottled draconian (D)
  2 ettins (D)
  2 merfolk javelineers (D)
  25 vault guards (D)
  2 great orbs of eyes (D)
  3 death oozes (D)
  4 fire dragons (D)
  3 deep elf death magi (D)
  3 deep elf high priests (D)
  2 rakshasas (D)
  Erolcha (D)
  A yaktaur captain (D)
  7 ice dragons (D)
  6 hydras (D)
  2 naga warriors (D)
  A merfolk aquamancer (D)
  2 catoblepae (D)
  2 spriggan air magi (D)
  4 death yaks (D)
  2 death knights (D)
  A satyr (D)
  2 deep troll shamans (D)
  2 alligators (D)
  A tengu warrior (D)
  10 orc high priests (D)
  Urug (D)
  A shock serpent (shapeshifter) (D)
  A shock serpent (D)
  A salamander mystic (D)
  2 fire crabs (D)
  Nergalle (D)
  A small abomination (D)
  A giant orange brain (D)
  A deep troll (D)
  A lindwurm (D)
  A sea snake (D)
  An unseen horror (D)
  8 swamp dragons (D)
  A deep elf archer (D)
  A naga ritualist (D)
  A phantasmal warrior (D)
  2 harpies (D)
  2 ironbrand convokers (D)
  2 deep elf magi (D)
  3 hill giants (D)
  An ugly thing (D)
  A mana viper (shapeshifter) (D)
  7 orc knights (D)
  2 hornets (D)
  An orb spider (D)
  5 wolf spiders (D)
  3 griffons (D)
  A manticore (D)
  An orc sorcerer (D)
  2 cyclopes (D)
  A hornet (shapeshifter) (D)
  A salamander (D)
  A salamander (shapeshifter) (D)
  An elephant (shapeshifter) (D)
  9 moths of wrath (D)
  A guardian serpent (D)
  Maurice (D)
  2 vault sentinels (D)
  6 spiny frogs (D)
  4 naga magi (D)
  Psyche (D)
  2 black mambas (D)
  3 yaktaurs (D)
  A demonic crawler (D)
  A freezing wraith (D)
  A troll (D)
  4 merfolk (D)
  A two-headed ogre (D)
  3 jumping spiders (D)
  A wind drake (D)
  2 slime creatures (D)
  A bog body (D)
  A giant leech (D)
  A boulder beetle (D)
  A blink frog (D)
  2 redbacks (D)
  11 spriggans (D)
  A vampire (D)
  A wraith (D)
  A tarantella (D)
  3 yaks (D)
  3 hogs (D)
  A vampire mosquito (D)
  An insubstantial wisp (D)
  3 nagas (D)
  A water moccasin (D)
  4 giant eyeballs (D)
  10 orc warriors (D)
  4 porcupines (D)
  A wasp (D)
  2 swamp drakes (D)
  A sky beast (D)
  A boggart (D)
  2 centaurs (D)
  A crocodile (D)
  A big kobold (D)
  4 giant frogs (D)
  A scorpion (D)
  A killer bee (D)
  A crimson imp (D)
  4 orc wizards (D)
  4 orc priests (D)
  2 iguanas (D)
  A worker ant (D)
  A sheep (D)
  A river rat (D)
  An adder zombie (D)
  An adder skeleton (D)
  A giant gecko (D)
  7 orcs (D)
  A bat zombie (D)
  A hobgoblin (D)
  A ball python (D)
  A ball python zombie (D)
  A bat (D)
  A giant cockroach zombie (D)
  A giant newt (D)
  2 kobolds (D)
  A crawling corpse (D)
453 creatures vanquished.

Vanquished Creatures (collateral kills)
  A vault warden (D)
1 creature vanquished.

Grand Total: 454 creatures vanquished

Notes
Turn   | Place    | Note
--------------------------------------------------------------
     0 | D        | otab the Troll Monk began the quest for the Orb.
     0 | D        | Reached XP level 1. HP: 22/22 MP: 0/0
    18 | D        | Reached skill level 5 in Unarmed Combat
    27 | D        | Noticed an iguana
    37 | D        | Killed an iguana
    37 | D        | Reached skill level 6 in Unarmed Combat
    37 | D        | Reached XP level 2. HP: 23/31 MP: 1/1
    37 | D        | Reached XP level 3. HP: 27/37 MP: 2/2
    59 | D        | Found a glowing silver altar of Zin.
    59 | D        | Found a glowing golden altar of the Shining One.
    59 | D        | Found an ancient bone altar of Kikubaaqudgha.
    59 | D        | Found a basalt altar of Yredelemnul.
    59 | D        | Found a shimmering altar of Xom.
    59 | D        | Found a radiant altar of Vehumet.
    60 | D        | Found an iron altar of Okawaru.
    61 | D        | Found a burning altar of Makhleb.
    62 | D        | Found a deep blue altar of Sif Muna.
    63 | D        | Found a bloodstained altar of Trog.
    64 | D        | Found a sparkling altar of Nemelex Xobeh.
    65 | D        | Found a white marble altar of Elyvilon.
    66 | D        | Found a roughly hewn altar of Beogh.
    67 | D        | Found a viscous altar of Jiyva.
    68 | D        | Found a corrupted altar of Lugonu.
    69 | D        | Found a blossoming altar of Fedhas.
    70 | D        | Found a snail-covered altar of Cheibriados.
    71 | D        | Found a shadowy altar of Dithmenos.
    72 | D        | Became a worshipper of Nemelex Xobeh the Trickster
    72 | D        | Received a gift from Nemelex Xobeh
    72 | D        | Reached * piety under Nemelex Xobeh
    72 | D        | Received a gift from Nemelex Xobeh
    72 | D        | Reached ** piety under Nemelex Xobeh
    74 | D        | Found a stormy altar of Qazlal.
    75 | D        | Found an opulent altar of Gozag.
    82 | D        | Found a sacrificial altar of Ru.
    83 | D        | Found an oddly glowing altar of Pakellas.
   111 | D        | Noticed a big kobold
   111 | D        | Noticed a killer bee
   111 | D        | Noticed a yak
   118 | D        | Killed a big kobold
   118 | D        | Reached skill level 8 in Unarmed Combat
   118 | D        | Reached XP level 4. HP: 32/48 MP: 3/3
   121 | D        | Reached skill level 9 in Unarmed Combat
   121 | D        | Reached XP level 5. HP: 29/54 MP: 4/4
   130 | D        | Reached skill level 10 in Unarmed Combat
   136 | D        | Killed a yak
   136 | D        | Reached skill level 5 in Fighting
   136 | D        | Reached skill level 5 in Dodging
   136 | D        | Reached skill level 11 in Unarmed Combat
   136 | D        | Reached XP level 6. HP: 4/66 MP: 5/5
   136 | D        | HP: 3/66 [adder zombie (1)]
   232 | D        | Noticed a vampire
   232 | D        | Noticed a purple ugly thing
   232 | D        | Noticed a two-headed ogre
   232 | D        | Noticed a hill giant
   234 | D        | Killed a vampire
   234 | D        | Reached skill level 12 in Unarmed Combat
   236 | D        | Reached XP level 7. HP: 72/72 MP: 6/6
   240 | D        | Killed a purple ugly thing
   240 | D        | Reached skill level 13 in Unarmed Combat
   251 | D        | Killed a two-headed ogre
   251 | D        | Reached skill level 14 in Unarmed Combat
   251 | D        | Reached XP level 8. HP: 62/84 MP: 7/7
   255 | D        | Killed a hill giant
   255 | D        | Reached skill level 15 in Unarmed Combat
   262 | D        | Gained mutation: Your magical capacity is low (-10% MP). [mutagenic meat]
   263 | D        | Gained mutation: You are clumsy. (Dex -2) [mutagenic meat]
   264 | D        | Gained mutation: You are weak. (Str -2) [mutagenic meat]
   405 | D        | Received a gift from Nemelex Xobeh
   472 | D        | Learned a level 7 spell: Dragon Form
   483 | D        | Noticed a spiny frog
   488 | D        | Noticed a spiny frog
   491 | D        | Reached skill level 1 in Transmutations
   491 | D        | Reached skill level 1 in Evocations
   496 | D        | Killed a spiny frog
   496 | D        | Reached skill level 1 in Spellcasting
   496 | D        | Reached XP level 9. HP: 46/93 MP: 6/8
   511 | D        | Killed a spiny frog
   511 | D        | Reached skill level 16 in Unarmed Combat
   612 | D        | Noticed a spiny frog
   612 | D        | Noticed a spiny frog
   618 | D        | Killed a spiny frog
   623 | D        | Noticed a spiny frog
   625 | D        | Killed a spiny frog
   638 | D        | Killed a spiny frog
   638 | D        | Reached XP level 10. HP: 20/104 MP: 11/11
   881 | D        | Noticed a death yak
   881 | D        | Noticed a death yak
   881 | D        | Noticed a death yak
   881 | D        | Noticed a death yak
   881 | D        | Noticed a catoblepas
   885 | D        | Noticed a catoblepas
   888 | D        | Killed a catoblepas
   888 | D        | Reached skill level 17 in Unarmed Combat
   893 | D        | Killed a death yak
   894 | D        | Killed a death yak
   897 | D        | Killed a death yak
   919 | D        | Killed a death yak
   919 | D        | Reached skill level 10 in Dodging
   919 | D        | Reached skill level 18 in Unarmed Combat
   923 | D        | Killed a catoblepas
   923 | D        | Reached XP level 11. HP: 49/115 MP: 14/14
  1095 | D        | Noticed Psyche
  1102 | D        | Killed Psyche
  1131 | D        | Received a gift from Nemelex Xobeh
  1135 | D        | Noticed Urug
  1147 | D        | Killed Urug
  1147 | D        | Reached skill level 5 in Transmutations
  1147 | D        | Reached skill level 5 in Evocations
  1298 | D        | Noticed Gastronok
  1311 | D        | Killed Gastronok
  1463 | D        | Noticed an orc high priest
  1463 | D        | Noticed an orc sorcerer
  1463 | D        | Noticed an orc knight
  1472 | D        | Killed an orc high priest
  1472 | D        | Reached skill level 19 in Unarmed Combat
  1478 | D        | Killed an orc sorcerer
  1483 | D        | Killed an orc knight
  1504 | D        | Reached skill level 5 in Spellcasting
  1676 | D        | Found Fiupn's General Store.
  1676 | D        | Noticed an orc high priest
  1676 | D        | Noticed an orc high priest
  1676 | D        | Noticed an orc knight
  1676 | D        | Noticed an orc high priest
  1676 | D        | Noticed an orc high priest
  1680 | D        | Noticed an orc knight
  1685 | D        | Killed an orc high priest
  1685 | D        | Reached skill level 10 in Fighting
  1689 | D        | Killed an orc high priest
  1690 | D        | Noticed an orc knight
  1697 | D        | Killed an orc knight
  1704 | D        | Killed an orc high priest
  1705 | D        | Found Uturatak's Antique Weapon Shoppe.
  1705 | D        | Noticed an orc knight
  1706 | D        | Noticed an orc high priest
  1710 | D        | Found Sigru's Magic Scroll Emporium.
  1713 | D        | Killed an orc high priest
  1713 | D        | Reached XP level 12. HP: 51/127 MP: 17/17
  1714 | D        | Noticed an orc high priest
  1718 | D        | Noticed an orc high priest
  1720 | D        | Reached skill level 20 in Unarmed Combat
  1725 | D        | Noticed an orc high priest
  1729 | D        | Found Geps's Antique Weapon Shoppe.
  1729 | D        | Noticed an orc high priest
  1734 | D        | Killed an orc high priest
  1738 | D        | Killed an orc high priest
  1745 | D        | Killed an orc high priest
  1756 | D        | Killed an orc high priest
  1762 | D        | Killed an orc high priest
  1930 | D        | Bought a scroll of blinking for 82 gold pieces
  1937 | D        | Bought a scroll of blinking for 75 gold pieces
  1937 | D        | Bought a scroll of blinking for 75 gold pieces
  1937 | D        | Bought a potion of agility for 40 gold pieces
  2041 | D        | Noticed Erolcha
  2049 | D        | Killed Erolcha
  2112 | D        | Noticed Maurice
  2124 | D        | Killed Maurice
  2137 | D        | Reached *** piety under Nemelex Xobeh
  2357 | D        | Got the +1 hat "Zaocum" {rPois rN+ Int+3 Slay+2}
  2394 | D        | Noticed a tengu warrior
  2400 | D        | Killed a tengu warrior
  2404 | D        | Noticed an ice dragon
  2410 | D        | Reached skill level 21 in Unarmed Combat
  2412 | D        | Noticed a deep troll shaman
  2413 | D        | Noticed a red very ugly thing
  2427 | D        | Killed a red very ugly thing
  2437 | D        | Killed an ice dragon
  2440 | D        | Killed a deep troll shaman
  2442 | D        | Noticed an ettin
  2443 | D        | Noticed a great orb of eyes
  2466 | D        | Killed an ettin
  2466 | D        | Reached skill level 1 in Armour
  2498 | D        | Killed a great orb of eyes
  2498 | D        | Reached XP level 13. HP: 53/137 MP: 15/19
  2589 | D        | Noticed a vampire knight
  2600 | D        | Killed a vampire knight
  2612 | D        | Noticed an ettin
  2619 | D        | Killed an ettin
  2759 | D        | Received a gift from Nemelex Xobeh
  2826 | D        | Reached **** piety under Nemelex Xobeh
  2841 | D        | Received a gift from Nemelex Xobeh
  2852 | D        | Reached skill level 22 in Unarmed Combat
  3274 | D        | Received a gift from Nemelex Xobeh
  3359 | D        | Noticed a frost giant
  3359 | D        | Noticed an iron dragon
  3364 | D        | Killed a frost giant
  3369 | D        | Noticed a fire giant
  3386 | D        | Noticed a frost giant
  3390 | D        | Killed an iron dragon
  3390 | D        | Reached skill level 5 in Armour
  3390 | D        | Reached skill level 23 in Unarmed Combat
  3399 | D        | Noticed a cyan very ugly thing
  3403 | D        | Killed a fire giant
  3403 | D        | Reached XP level 14. HP: 64/150 MP: 22/22
  3410 | D        | Killed a frost giant
  3416 | D        | Noticed a cyan very ugly thing
  3419 | D        | Noticed a vampire knight
  3427 | D        | Killed a cyan very ugly thing
  3427 | D        | Reached skill level 1 in Shields
  3436 | D        | Killed a cyan very ugly thing
  3446 | D        | Killed a vampire knight
  3461 | D        | Reached skill level 10 in Transmutations
  3708 | D        | Received a gift from Nemelex Xobeh
  3709 | D        | Noticed a vault warden
  3734 | D        | Reached skill level 10 in Evocations
  3746 | D        | Noticed a sphinx
  3746 | D        | Noticed a vault warden
  3751 | D        | Killed a vault warden
  3751 | D        | Reached skill level 24 in Unarmed Combat
  3756 | D        | Noticed a frost giant
  3762 | D        | Noticed a vault warden
  3769 | D        | Killed a sphinx
  3774 | D        | Killed a vault warden
  3783 | D        | Killed a frost giant
  3790 | D        | Killed a vault warden
  3797 | D        | Noticed a stone giant
  3823 | D        | Killed a stone giant
  3827 | D        | HP: 7/153 [hornet (15)]
  3832 | D        | HP: 5/153 [poisoned by a hornet]
  3838 | D        | HP: 5/153 [poisoned by a hornet]
  4123 | D        | Reached ***** piety under Nemelex Xobeh
  4131 | D        | Noticed Nikola
  4139 | D        | Killed Nikola
  4189 | D        | Noticed Frederick
  4212 | D        | Killed Frederick
  4212 | D        | Reached skill level 25 in Unarmed Combat
  4212 | D        | Reached XP level 15. HP: 42/161 MP: 24/24
  4379 | D        | Noticed Norris
  4395 | D        | Killed Norris
  4505 | D        | Received a gift from Nemelex Xobeh
  4632 | D        | Noticed Louise
  4633 | D        | Received a gift from Nemelex Xobeh
  4639 | D        | Killed Louise
  4730 | D        | Noticed a greater naga
  4730 | D        | Noticed a greater naga
  4730 | D        | Noticed a greater naga
  4730 | D        | Noticed a greater naga
  4731 | D        | Noticed a greater naga
  4732 | D        | Killed a greater naga
  4736 | D        | Noticed a greater naga
  4736 | D        | Killed a greater naga
  4740 | D        | Killed a greater naga
  4747 | D        | Killed a greater naga
  4752 | D        | Killed a greater naga
  4756 | D        | Killed a greater naga
  4756 | D        | Reached skill level 10 in Spellcasting
  4768 | D        | Reached skill level 26 in Unarmed Combat
  4784 | D        | Got a serpentine rune of Zot
  4945 | D        | Reached skill level 10 in Armour
  5031 | D        | Got a decaying rune of Zot
  5041 | D        | Killed a ghost moth
  5063 | D        | Killed a ghost moth
  5071 | D        | Killed a ghost moth
  5078 | D        | Killed a ghost moth
  5090 | D        | Paralysed by a giant eyeball for 2 turns
  5249 | D        | Got a gossamer rune of Zot
  5257 | D        | Noticed Ilsuiw
  5265 | D        | Reached skill level 27 in Unarmed Combat
  5278 | D        | Killed Ilsuiw
  5283 | D        | Reached XP level 16. HP: 137/174 MP: 27/27
  5365 | D        | Received a gift from Nemelex Xobeh
  5386 | D        | Got a barnacled rune of Zot
  5457 | D        | Noticed Nergalle
  5475 | D        | Killed Nergalle
  5552 | D        | Reached skill level 15 in Transmutations
  5627 | D        | Received a gift from Nemelex Xobeh
  5704 | D        | Noticed a shadow dragon
  5734 | D        | Noticed a shadow dragon
  5735 | D        | Killed a shadow dragon
  5742 | D        | Noticed a shadow dragon
  5766 | D        | Killed a shadow dragon
  5773 | D        | Killed a shadow dragon
  5773 | D        | Reached skill level 15 in Spellcasting
  5917 | D        | Noticed a shadow dragon
  5917 | D        | Noticed a shadow dragon
  5917 | D        | Noticed a golden dragon
  5917 | D        | Noticed a shadow dragon
  5918 | D        | Received a gift from Nemelex Xobeh
  5923 | D        | Killed a shadow dragon
  5924 | D        | Noticed a tentacled monstrosity
  5928 | D        | Killed a golden dragon
  5929 | D        | Noticed a shadow dragon
  5931 | D        | Killed a shadow dragon
  5935 | D        | Reached XP level 17. HP: 182/182 MP: 25/32
  5943 | D        | Killed a tentacled monstrosity
  6061 | D        | Identified Ryesymiv's Reference Book on Freezing Moulding
  6063 | D        | Got a silver rune of Zot
  6090 | D        | Noticed Xtahua
  6092 | D        | Noticed Xtahua
  6092 | D        | Xtahua changed into Xtahua the acid blob
  6099 | D        | Killed Xtahua the acid blob
  6099 | D        | Reached skill level 15 in Fighting
  6168 | D        | Reached ****** piety under Nemelex Xobeh
  6174 | D        | Got the ring of the Locust {Wiz Dex+2 SInv}
  6195 | D        | Got the amulet of Duth {Dismiss -Tele MR+ Str+7 Slay+2}
  6198 | D        | Got the amulet "Veereoc" {Faith Str+4}
  6200 | D        | Got the ring of the Castellan {Str+3 Int+4}
  6210 | D        | Received a gift from Nemelex Xobeh
  6342 | D        | Noticed Kirke
  6352 | D        | Killed Kirke
  6422 | D        | Reached skill level 5 in Shields
  6445 | D        | Noticed a bone dragon
  6450 | D        | Killed a bone dragon
  6499 | D        | Reached skill level 10 in Shields
  6720 | D        | Received a gift from Nemelex Xobeh
  6942 | D        | Noticed a golden dragon
  6944 | D        | Noticed an orb of fire
  6947 | D        | Killed a golden dragon
  6958 | D        | Gained mutation: You have a pair of small horns on your head. [an orb of fire]
  6963 | D        | Killed an orb of fire
  7148 | D        | Reached skill level 15 in Evocations
  7153 | D        | Reached XP level 18. HP: 171/193 MP: 28/33
  7300 | D        | Noticed a golden dragon
  7305 | D        | Noticed a golden dragon
  7308 | D        | Noticed a golden dragon
  7313 | D        | Reached skill level 15 in Shields
  7316 | D        | Killed a golden dragon
  7327 | D        | Killed a golden dragon
  7331 | D        | Killed a golden dragon
  7591 | D        | Noticed an Orb Guardian
  7591 | D        | Noticed an Orb Guardian
  7591 | D        | Noticed an Orb Guardian
  7591 | D        | Noticed an Orb Guardian
  7591 | D        | Noticed an Orb Guardian
  7591 | D        | Noticed an Orb Guardian
  7594 | D        | Killed an Orb Guardian
  7595 | D        | Noticed an Orb Guardian
  7596 | D        | Killed an Orb Guardian
  7598 | D        | Killed an Orb Guardian
  7598 | D        | Reached skill level 15 in Dodging
  7605 | D        | Killed an Orb Guardian
  7607 | D        | Noticed an Orb Guardian
  7607 | D        | Killed an Orb Guardian
  7610 | D        | Killed an Orb Guardian
  7612 | D        | Killed an Orb Guardian
  7614 | D        | Killed an Orb Guardian
  7615 | D        | Noticed an Orb Guardian
  7616 | D        | Noticed an Orb Guardian
  7621 | D        | Killed an Orb Guardian
  7624 | D        | Killed an Orb Guardian
  7756 | D        | Noticed an Orb Guardian
  7756 | D        | Noticed an Orb Guardian
  7756 | D        | Noticed a tentacled monstrosity
  7760 | D        | Noticed an Orb Guardian
  7774 | D        | Killed an Orb Guardian
  7778 | D        | Killed a tentacled monstrosity
  7779 | D        | Noticed an Orb Guardian
  7784 | D        | Killed an Orb Guardian
  7792 | D        | Killed an Orb Guardian
  7799 | D        | Killed an Orb Guardian
  7806 | D        | Noticed an ancient lich
  7814 | D        | Killed an ancient lich
  8038 | D        | Noticed an orb of fire
  8041 | D        | Killed an orb of fire
  8126 | D        | Noticed an electric golem
  8136 | D        | Killed an electric golem
  8136 | D        | Reached XP level 19. HP: 177/210 MP: 35/35
  8178 | D        | Noticed an orb of fire
  8178 | D        | Noticed an electric golem
  8180 | D        | Killed an orb of fire
  8182 | D        | Noticed an electric golem
  8185 | D        | Noticed an orb of fire
  8188 | D        | Killed an electric golem
  8190 | D        | Noticed an ancient lich
  8196 | D        | Noticed a Killer Klown
  8198 | D        | Gained mutation: Armour fits poorly on your strangely shaped body. [an orb of fire]
  8200 | D        | Noticed an electric golem
  8203 | D        | Killed an orb of fire
  8204 | D        | Noticed an ancient lich
  8205 | D        | Killed an electric golem
  8208 | D        | Killed an ancient lich
  8208 | D        | Reached skill level 15 in Armour
  8218 | D        | Killed an electric golem
  8222 | D        | Killed an ancient lich
  8227 | D        | Noticed an ancient lich
  8227 | D        | Killed a Killer Klown
  8233 | D        | Killed an ancient lich
  8618 | D        | Received a gift from Nemelex Xobeh
  8689 | D        | Noticed an ancient lich
  8695 | D        | Noticed an ancient lich
  8697 | D        | Killed an ancient lich
  8697 | D        | Reached XP level 20. HP: 210/231 MP: 30/37
  8705 | D        | Noticed an ancient lich
  8706 | D        | Paralysed by a vampire knight for 6 turns
  8721 | D        | Killed an ancient lich
  8726 | D        | Killed an ancient lich
  9265 | D        | Got an elven rune of Zot
  9379 | D        | Noticed the Royal Jelly
  9387 | D        | Killed the Royal Jelly
  9406 | D        | Demolished by an azure jelly

Skill      XL: |  1  2  3  4  5  6  7  8  9 10 11 12 13 14 15 16 17 18 19 20 |
---------------+-------------------------------------------------------------+-----
Unarmed Combat | 6 8 9 11 12 14 15 16 18 19 21 23 25 27 | 27.0
Fighting       | 3 4 5 6 7 9 10 11 12 13 14 15 17 20 23 | 23.7
Dodging        | 3 4 5 7 8 9 10 11 12 13 14 16 21 24 | 24.1
Stealth        | 2 |  2.1
Transmutations | 1 3 4 6 8 9 11 13 18 21 24 25 26 | 26.2
Evocations     | 1 3 4 6 7 9 10 12 15 16 | 16.6
Spellcasting   | 1 2 4 5 6 8 9 11 15 16 17 19 20 | 20.0
Armour         | 1 5 8 10 13 17 20 | 20.2
Shields        | 2 14 16 | 16.1

Action                   |  1- 3 |  4- 6 |  7- 9 | 10-12 | 13-15 | 16-18 | 19-21 || total
-------------------------+-------+-------+-------+-------+-------+-------+-------++-------
Melee: Unarmed           |    37 |    21 |    68 |   229 |   520 |   494 |   230 ||  1599
       Punch             |       |       |     7 |    33 |    68 |    50 |     9 ||   167
       Tailslap          |       |       |       |       |       |    30 |    22 ||    52
       Bite              |       |       |       |       |       |    23 |    17 ||    40
       Headbutt          |       |       |       |       |       |    11 |    21 ||    32
 Cast: Dragon Form       |       |       |       |       |       |    11 |     4 ||    15
 Abil: End Transformatio |       |       |       |       |       |     1 |     1 ||     2
Evoke: Wand              |       |       |       |     7 |     3 |       |       ||    10
       Deck              |       |       |       |    14 |    25 |    14 |       ||    53
  Use: Potion            |       |     3 |     1 |     4 |     9 |     5 |     3 ||    25
       Scroll            |       |       |     1 |     5 |     4 |     3 |     1 ||    14
 Stab: Invisible         |       |       |       |     1 |       |       |       ||     1
  Eat: Chunk             |       |       |     3 |     4 |     6 |     4 |       ||    17
       Beef jerky        |       |       |     1 |       |       |       |       ||     1
       Bread ration      |       |       |     1 |       |       |     1 |     1 ||     3
       Meat ration       |       |       |       |     2 |     4 |     4 |     2 ||    12
       Pizza             |       |       |       |       |       |     1 |       ||     1
Armor: Robe              |     7 |     3 |     5 |    11 |       |       |       ||    26
       Fire dragon armou |       |       |       |    19 |   228 |    97 |    11 ||   355
       Skin              |       |       |       |       |       |    57 |    31 ||    88
Dodge: Dodged            |    16 |     9 |    19 |    68 |   221 |   118 |    46 ||   497
Block: Other             |       |       |       |       |    17 |       |       ||    17
       Large shield      |       |       |       |       |       |    37 |    60 ||    97
